 Dungeon Crawl Stone Soup version 0.27-a0-1149-g4505690ab0 (webtiles) character file.

Game seed: 10350829868623577038

5 chippings the Slasher (level 1, 0/16 HPs)
             Began as a Mummy Gladiator on May 12, 2021.
             Slain by a goblin
             ... wielding a +0 club
              (3 damage)
             ... on level 1 of the Dungeon.
             The game lasted 00:00:25 (192 turns).

chippings the Slasher (Mummy Gladiator)              Turns: 192, Time: 00:00:26

Health: 0/16       AC:  4    Str: 17    XL:     1   Next: 66%
Magic:  1/1        EV: 12    Int:  7    God:
Gold:   0          SH:  0    Dex: 13    Spells: 0/0 levels left

rFire    x . .     SeeInvis .   a - +0 long sword
rCold    + . .     Faith    .   (no shield)
rNeg     + + +     Spirit   .   b - +0 leather armour
rPois    ∞         Reflect  .   c - +0 helmet
rElec    .         Harm     .   (no cloak)
rCorr    .         Rampage  .   (no gloves)
Will     .....                  (no boots)
Stlth    +.........             (no amulet)
HPRegen  0.05/turn              (no ring)
MPRegen  0.07/turn              (no ring)

@: no status effects
A: cold resistance 1, negative energy resistance 3, torment resistance 2, heat
vulnerability 1, no potions
a: no special abilities


You were on level 1 of the Dungeon.
You visited 1 branch of the dungeon, and saw 1 of its levels.

Inventory:

Hand Weapons
 a - a +0 long sword (weapon)
Missiles
 d - 3 throwing nets (quivered)
Armour
 b - a +0 leather armour (worn)
 c - a +0 helmet (worn)


   Skills:
 + Level 2.1 Fighting
 * Level 2.6 Long Blades
 - Level 1.5 Throwing
 - Level 2.4 Dodging


You couldn't memorise any spells.
You didn't know any spells.
Your spell library was empty.

Dungeon Overview and Level Annotations

Branches:
Dungeon (1/15)

Altars:


Innate Abilities, Weirdness & Mutations

You are immune to poison.
Your flesh is cold resistant. (rC+)
You are immune to negative energy. (rN+++)
You are immune to unholy pain and torment.
You are vulnerable to heat. (rF-)
You do not drink.


Message History

The ball python is moderately wounded.
The ball python completely misses you.
The ball python bites you but does no damage.
The ball python grabs you. The ball python constricts you.
You barely miss the ball python.
The ball python is moderately wounded.
The ball python bites you. The ball python constricts you.
You barely miss the ball python.
The ball python is moderately wounded.
The ball python bites you but does no damage.
The ball python constricts you. The ball python closely misses you.
The ball python constricts you.
You hit the ball python.
You kill the ball python!
The hobgoblin hits you.
You closely miss the hobgoblin. The hobgoblin barely misses you.
You riposte.
You barely miss the hobgoblin. You closely miss the hobgoblin.
The hobgoblin hits you but does no damage.
You hit the hobgoblin.
The hobgoblin is moderately wounded.
The hobgoblin hits you. x2
You closely miss the hobgoblin.
The hobgoblin is moderately wounded.
The hobgoblin barely misses you.
You barely miss the hobgoblin.
The hobgoblin is moderately wounded.
The hobgoblin hits you.
You slash the hobgoblin!
You kill the hobgoblin!
The frilled lizard bites you.
* * * LOW HITPOINT WARNING * * *
You barely miss the frilled lizard. The frilled lizard barely misses you.
You slash the frilled lizard!
You kill the frilled lizard!
You aren't carrying any scrolls.
You hit the goblin.
The goblin is moderately wounded.
The goblin hits you with a +0 club.
You die...

$........(.#
#.#.#.....#
####.......#
#.#.###+###.#
.......w...#
#.##.......#
.....###.l.#
#.#!#######.# ...
#...# #..#....... .
#...# #.###########.#
#...###.............#
#.....#######'######
#####.wgg@†.#.#
#######.#'# #†..#
#####


You could see a dart slug, a hobgoblin and a goblin.

Vanquished Creatures
  A hobgoblin (D:1)
  2 jackals (D:1)
  A ball python (D:1)
  A frilled lizard (D:1)
5 creatures vanquished.

Notes
Turn   | Place    | Note
-------+----------+-------------------------------------------
     0 | D:1      | chippings the Mummy Gladiator began the quest for the Orb.
     0 | D:1      | Reached XP level 1. HP: 16/16 MP: 1/1
   192 | D:1      | Slain by a goblin

Illustrated notes

Levels and vault maps discovered:
D:1:      matt_arrival_los_fun, layout_basic, serial_shops, shop

Action                   || total
-------------------------++-------
Melee: Long sword        ||    18
Armor: Leather armour    ||     5
Dodge: Dodged            ||    15
       Rpst.: Long sword ||     5

Table legend: (Time is in decaauts)
 A = Elapsed time spent in this place.
 B = Non-inter-level travel time spent in this place.
 C = Inter-level travel time spent in this place.
 D = Time resting spent in this place.
 E = Time spent auto-exploring this place.
 F = Levels seen in this place.
 G = Mean time per level.
                   A        B        C        D        E       F      G
               +--------+--------+--------+--------+--------+-----+--------+
         Total |    196 |    196 |      0 |      0 |    128 |   1 |  196.0 |
       Dungeon |    196 |    196 |      0 |      0 |    128 |   1 |  196.0 |
               +--------+--------+--------+--------+--------+-----+--------+

Top non-repeatable levels by time:
     D:1: 196 daAuts
